 Dungeon Crawl Stone Soup version 0.23-a0-385-gb2d5814 (webtiles) character file.

17628 Cryolive the Geomancer (level 12, 0/72 HPs)
             Began as a Gargoyle Earth Elementalist on Oct 28, 2018.
             Was an Elder of Vehumet.
             Slain by a tengu warrior
             ... wielding a +3 war axe
              (6 damage)
             ... on level 11 of the Dungeon.
             The game lasted 01:13:35 (19005 turns).

Cryolive the Geomancer (GrEE)                      Turns: 19005, Time: 01:13:36

Health: 0/72       AC: 14    Str: 11    XL:     12   Next: 50%
Magic:  1/23       EV: 14    Int: 22    God:    Vehumet [****..]
Gold:   695        SH:  0    Dex: 10    Spells: 13/25 levels left

rFire    + . .     SeeInvis +   L - +7 mace of Variability {chain chaos}
rCold    . . .     Gourm    .   (shield currently unavailable)
rNeg     + . .     Faith    .   U - +1 robe {rF+}
rPois    ∞         Spirit   .   (no helmet)
rElec    +         Reflect  .   (no cloak)
rCorr    .         Harm     .   F - +0 pair of gloves
MR       .....                  H - +0 pair of boots
Stlth    +++.......             (no amulet)
HPRegen  0.22/turn              k - ring of stealth
MPRegen  0.18/turn              B - ring of see invisible

@: no status effects
A: negative energy resistance 1, electricity resistance, unbreathing,
petrification resistance, rot immunity, AC +8
a: Renounce Religion


You were on level 11 of the Dungeon.
You worshipped Vehumet.
Vehumet was greatly pleased with you.
You were not hungry.

You visited 2 branches of the dungeon, and saw 13 of its levels.
You also visited: Ossuary.

You collected 695 gold pieces.

Inventory:

Hand Weapons
 L - the +7 mace of Variability (weapon) {chain chaos}
   (You found it on level 10 of the Dungeon)

   Each time it hits an enemy it has a different, random effect.
 Q - the +7 long sword "Heiweut" {slice, Dex+2}
   (You found it on level 10 of the Dungeon)

   It inflicts extra damage upon your enemies.
   It affects your dexterity (+2).
 R - a +6 demon trident
Missiles
 b - 95 stones (quivered)
Armour
 c - a +0 robe
 q - a +0 buckler
 F - a +0 pair of gloves (worn)
 G - a +0 buckler
 H - a +0 pair of boots (worn)
 I - +0 ice dragon scales
 U - a +1 robe of fire resistance (worn)
Jewellery
 k - a ring of stealth (left hand)
 y - a cursed -4 ring of evasion
 B - a ring of see invisible (right hand)
 K - a +5 ring of evasion
 O - an uncursed amulet of guardian spirit
 S - an uncursed ring of protection from magic
Wands
 N - a wand of polymorph (11)
Scrolls
 a - a scroll of magic mapping {unknown}
 f - 2 scrolls of random uselessness {unknown}
 m - 7 scrolls of identify
 o - 4 scrolls of remove curse
 p - 5 scrolls of noise {unknown}
 r - 3 scrolls of blinking {unknown}
 t - 3 scrolls of enchant weapon {unknown}
 u - 3 scrolls of fear
 w - 6 scrolls of teleportation {unknown}
 C - a scroll of fog {unknown}
 D - 4 scrolls of amnesia {unknown}
 J - a scroll of immolation {unknown}
 M - 2 scrolls of enchant armour {unknown}
Potions
 g - 7 potions of heal wounds {unknown}
 h - 4 potions of flight
 i - 3 potions of brilliance {unknown}
 j - 4 potions of degeneration {unknown}
 l - 3 potions of might
 n - 3 potions of cancellation {unknown}
 s - 2 potions of mutation {unknown}
 v - a potion of lignification {unknown}
 x - a potion of berserk rage {unknown}
 z - a potion of agility {unknown}
 A - 3 potions of ambrosia {unknown}
 E - a potion of haste {unknown}
 P - a potion of resistance {unknown}
Comestibles
 d - 16 rations


   Skills:
 + Level 7.6 Fighting
 - Level 6.0 Armour
 + Level 6.1 Dodging
 - Level 2.1 Stealth
 - Level 4.0 Shields
 + Level 7.4 Spellcasting
 + Level 7.9 Conjurations
   Level 0.7 Transmutations
 * Level 9.6 Fire Magic
 + Level 10.0 Earth Magic


You had 13 spell levels left.
You knew the following spells:

 Your Spells              Type           Power        Failure   Level  Hunger
a - Sandblast             Erth           ######       1%          1    None
b - Stone Arrow           Conj/Erth      #####.       1%          3    None
c - Lee's Rapid Deconstr  Erth           ######....   1%          5    #####..
d - Conjure Flame         Conj/Fire      #####...     1%          3    None

Your spell library contained the following spells:

 Spells                   Type           Power        Failure   Level  Hunger
 Lightning Bolt           Conj/Air       ####......   11%         5    #####..
 Magic Dart               Conj           ####         1%          1    None
 Passwall                 Tmut/Erth      ####....     1%          2    None
 Mephitic Cloud           Conj/Pois/Air  ###.....     2%          3    None
 Petrify                  Tmut/Erth      ####....     9%          4    ###....
 Blink                    Tloc           N/A          12%         2    None
 Call Imp                 Summ           #.......     12%         2    None
 Slow                     Hex            #.......     12%         2    None


Dungeon Overview and Level Annotations

Branches:
Dungeon (12/15)            Temple (1/1) D:6            Lair (0/6) D:10
    Orc (0/2) D:12

Altars:
Ashenzari
Cheibriados
Dithmenos
Elyvilon
Fedhas
Gozag
Hepliaklqana
Kikubaaqudgha
Makhleb
Nemelex Xobeh
Okawaru
Qazlal
Ru
Sif Muna
Trog
Uskayaw
Vehumet
Wu Jian
Xom
Yredelemnul
Zin
The Shining One

Shops:
D:4 *

Annotations:
D:3 3 runed doors, tardigrad's ghost, amateur OpWn


Innate Abilities, Weirdness & Mutations

You are resistant to torment.
Your stone body is resilient. (AC +8)
You are immune to poison.
You resist negative energy. (rN+)
You are resistant to electric shocks. (rElec)
You can survive without breathing.
You are immune to petrification.
You are immune to rotting.


Message History

The tengu warrior pecks you.
* * * LOW HITPOINT WARNING * * *
The tengu warrior claws you.
* * * LOW HITPOINT WARNING * * *
The tengu warrior hits you with a +3 war axe!
* * * LOW HITPOINT WARNING * * *
The tengu warrior pecks you but does no damage.
The tengu warrior claws you.
* * * LOW HITPOINT WARNING * * *
You feel better.
You closely miss the tengu warrior.
The tengu warrior is severely wounded.
The tengu warrior barely misses you. The tengu warrior pecks you.
* * * LOW HITPOINT WARNING * * *
The tengu warrior claws you but does no damage.
The tengu warrior hits you with a +3 war axe!
* * * LOW HITPOINT WARNING * * *
The tengu warrior pecks you but does no damage.
The tengu warrior claws you.
You die...

########## ######
#........# #....#
#......Q.# #....#
#.....@..# #.)..#
#........#####....#
#####.............#####
#..................
#####....######.....###
#........#....'.....#..
##.......#....#.....#..
#.......#....#.....#..
#.......#....#.....###


You could see a tengu warrior.

Vanquished Creatures
  A centaur warrior (D:11)
  A death yak (D:9)
  Urug (D:11)
  Sonja (D:11)
  An unseen horror (D:11)
  An ugly thing (D:11)
  A cyclops (D:11)
  2 gargoyles
  Psyche (D:11)
  A komodo dragon (D:10)
  A troll (D:12)
  A wandering mushroom (D:10)
  2 polar bears
  A hornet (D:10)
  A hippogriff (D:7)
  17 yaks
  2 hogs (D:9)
  Grum (D:9)
  A human (D:9)
  A hungry ghost (D:6)
  3 basilisks (D:10)
  3 chaos spawn
  A warg (D:12)
  Edmund (D:3)
  An acid dragon (D:12)
  A water moccasin (D:9)
  4 porcupines (D:10)
  7 ice beasts
  4 orc warriors
  9 ogres
  2 phantoms
  A black bear (D:10)
  A sky beast (D:8)
  A necrophage (D:10)
  4 wolves (D:9)
  8 centaurs
  2 crocodiles
  2 big kobolds (D:9)
  5 bullfrogs
  A wyvern skeleton (D:10)
  A water moccasin zombie (D:8)
  4 scorpions
  6 killer bees (D:10)
  3 electric eels
  3 howler monkeys
  7 crimson imps
  2 bullfrog zombies
  2 centaur zombies
  4 hounds
  2 quasits
  8 orc priests
  7 jellies
  2 bullfrog skeletons
  2 centaur skeletons (D:6)
  11 orc wizards
  3 iguanas (D:8)
  3 worker ants
  A bullfrog simulacrum (D:9)
  3 hound skeletons
  12 mummies (Ossuary)
  11 adders
  5 gnolls
  5 shadow imps
  A white imp (D:9)
  A worker ant simulacrum (D:9)
  3 ufetubi
  2 adder skeletons
  6 worms
  An adder simulacrum (D:9)
  5 leopard geckos
  32 orcs
  5 giant cockroaches
  2 goblins
  8 hobgoblins
  10 jackals
  14 kobolds
  4 quokkas
  2 ball pythons
  6 bats
  8 frilled lizards
  4 gnoll skeletons (Ossuary)
  2 goblin skeletons (Ossuary)
  A jackal skeleton (D:4)
  A kobold skeleton (Ossuary)
  2 leopard gecko zombies
  An orc skeleton (Ossuary)
  7 rats
  11 rat skeletons (Ossuary)
346 creatures vanquished.

Vanquished Creatures (others)
  A crocodile (D:10)
  An adder skeleton (D:7)
  3 bushes (D:10)
  4 fungi (D:10)
  26 plants (D:10)
35 creatures vanquished.

Grand Total: 381 creatures vanquished

Notes
Turn   | Place    | Note
-------+----------+-------------------------------------------
     0 | D:1      | Cryolive the Gargoyle Earth Elementalist began the quest
                  | for the Orb.
     0 | D:1      | Reached XP level 1. HP: 10/10 MP: 3/3
   160 | D:1      | Reached skill level 4 in Earth Magic
   160 | D:1      | Reached XP level 2. HP: 2/15 MP: 1/5
   846 | D:1      | Reached XP level 3. HP: 13/19 MP: 6/6
   851 | D:1      | Learned a level 3 spell: Stone Arrow
  1951 | D:2      | Reached skill level 1 in Conjurations
  2162 | D:2      | Reached XP level 4. HP: 23/24 MP: 8/8
  2449 | D:3      | Found a glowing silver altar of Zin.
  2611 | D:3      | Found a shadowy altar of Dithmenos.
  2800 | D:3      | Found a runed gate.
  2800 | D:3      | Found a runed gate.
  2800 | D:3      | Found a runed gate.
  2800 | D:3      | Noticed tardigrad's ghost (amateur OpWn)
  2911 | D:3      | Reached skill level 5 in Earth Magic
  2924 | D:3      | Reached XP level 5. HP: 28/28 MP: 5/9
  3397 | D:4      | Learned a level 5 spell: Lee's Rapid Deconstruction
  3414 | D:4      | Found a sand-covered staircase.
  3444 | Ossuary  | Entered an ossuary
  3981 | Ossuary  | Reached skill level 1 in Fighting
  3981 | Ossuary  | Reached XP level 6. HP: 30/34 MP: 1/11
  4086 | Ossuary  | Reached skill level 1 in Armour
  4899 | D:4      | Noticed Edmund
  5095 | D:4      | Learned a level 3 spell: Conjure Flame
  5682 | D:3      | Killed Edmund
  5682 | D:3      | Reached XP level 7. HP: 17/39 MP: 0/12
  5971 | D:4      | Found Tik Ekokak's Elemental Accessories.
  6289 | D:4      | Found a shattered altar of Ashenzari.
  6567 | D:4      | Reached skill level 1 in Fire Magic
  6656 | D:5      | Entered Level 5 of the Dungeon
  6669 | D:5      | Reached skill level 1 in Shields
  7113 | D:5      | Reached skill level 6 in Earth Magic
  7122 | D:5      | Reached XP level 8. HP: 41/45 MP: 2/14
  7495 | D:6      | Found a staircase to the Ecumenical Temple.
  7525 | Temple   | Entered the Ecumenical Temple
  7780 | Temple   | Became a worshipper of Vehumet
  8269 | D:6      | Found a glowing golden altar of the Shining One.
  8370 | D:6      | Found a blossoming altar of Fedhas.
  9230 | D:7      | Reached * piety under Vehumet
  9230 | D:7      | Offered knowledge of Shock by Vehumet.
  9321 | D:7      | Found a stormy altar of Qazlal.
  9731 | D:8      | Noticed a hippogriff
  9732 | D:8      | Reached XP level 9. HP: 18/51 MP: 6/16
 10422 | D:8      | Reached skill level 5 in Spellcasting
 10579 | D:8      | Reached skill level 7 in Earth Magic
 11115 | D:8      | Reached ** piety under Vehumet
 11115 | D:8      | Offered knowledge of Searing Ray by Vehumet.
 11128 | D:8      | Reached skill level 5 in Conjurations
 11261 | D:8      | Found a shimmering altar of Xom.
 11261 | D:8      | Found an ornate altar of the Wu Jian Council.
 11516 | D:9      | Reached skill level 5 in Fire Magic
 11523 | D:9      | Reached XP level 10. HP: 58/58 MP: 0/18
 11644 | D:9      | Noticed a gargoyle
 12703 | D:9      | Reached skill level 5 in Armour
 12707 | D:9      | Reached skill level 5 in Fighting
 13009 | D:9      | Noticed a death yak
 13271 | D:9      | Reached skill level 8 in Earth Magic
 13976 | D:9      | Killed a gargoyle
 14166 | D:9      | Reached XP level 11. HP: 61/64 MP: 14/20
 14199 | D:9      | Noticed Grum
 14218 | D:9      | Killed Grum
 14221 | D:9      | Offered knowledge of Static Discharge by Vehumet.
 14496 | D:9      | Killed a death yak
 14868 | D:9      | Reached *** piety under Vehumet
 14877 | D:9      | Reached skill level 5 in Dodging
 15241 | D:9      | Found a deep blue altar of Sif Muna.
 15280 | D:10     | Entered Level 10 of the Dungeon
 15281 | D:10     | Found a shimmering altar of Xom.
 15601 | D:10     | Found the +7 mace of Variability {chain chaos}
 15630 | D:10     | Offered knowledge of Iskenderun's Mystic Blast by Vehumet.
 15755 | D:10     | Reached skill level 9 in Earth Magic
 16139 | D:10     | Reached **** piety under Vehumet
 16244 | D:10     | Found a staircase to the Lair.
 16247 | D:10     | Got a slimy long sword
 16306 | D:10     | Identified the +7 long sword "Heiweut" {slice, Dex+2} (You
                  | found it on level 10 of the Dungeon)
 16799 | D:11     | Noticed Sonja
 16804 | D:11     | Killed Sonja
 16829 | D:11     | Noticed a cyclops
 16841 | D:11     | Killed a cyclops
 16841 | D:11     | Reached XP level 12. HP: 68/72 MP: 2/22
 16980 | D:11     | Noticed Urug
 17237 | D:11     | Killed Urug
 17291 | D:11     | Noticed a centaur warrior
 17298 | D:11     | Killed a centaur warrior
 17339 | D:11     | Offered knowledge of Lightning Bolt by Vehumet.
 17918 | D:11     | Noticed Psyche
 17923 | D:11     | Killed Psyche
 18466 | D:12     | Found a staircase to the Orcish Mines.
 18600 | D:12     | Reached skill level 10 in Earth Magic
 18602 | D:12     | Noticed a tengu warrior
 18667 | D:12     | HP: 3/72 [acid (13)]
 19005 | D:11     | Slain by a tengu warrior

Vault maps used:
D:1:      minmay_arrival_semitransparent, minmay_pentomino_u4
D:3:      marbit_many_paths, zin_academy, gammafunk_ghost_split
D:4:      lemuel_doored_altar, nicolae_ossuary_entry_monument,
          nicolae_elemental_shop, uniq_edmund
D:5:      first_ration
D:6:      fedhas_bush_and_centaur_altar, nicolae_tso_carved_into_rock,
          temple_hall, kennysheep_generic_room_4
D:7:      lemuel_coloured_pillars_altar, water_maze_lemuel
D:8:      gammafunk_temple_overflow_statue
D:9:      lemuel_blue_sif_altar, serial_ice, serial_ice_l, serial_ice_c,
          serial_ice_o, serial_ice_h, serial_ice_b, serial_ice_f, serial_ice_a,
          serial_ice_e, serial_ice_n, serial_ice_g, grunt_livestock, uniq_grum
D:10:     minmay_lair_entry_grove, minmay_guarded_unrand_variability
D:11:     uniq_sonja, uniq_psyche, uniq_urug
D:12:     erik_orc_3, nicolae_trove_entry_diagonal, uniq_rupert
Temple:   oiseaux_autumnal_temple
Ossuary:  ossuary_due_small_catacomb

Skill      XL: |  1  2  3  4  5  6  7  8  9 10 11 12 |
---------------+-------------------------------------+-----
Earth Magic    | 4 5 6 7 8 9 10 | 10.0
Conjurations   | 1 2 3 4 5 6 7 |  7.9
Spellcasting   | 3 4 5 6 7 |  7.4
Fighting       | 1 2 3 4 5 7 |  7.6
Armour         | 1 2 3 4 5 6 |  6.0
Dodging        | 2 3 4 5 6 |  6.1
Fire Magic     | 1 3 5 7 8 9 |  9.6
Shields        | 1 2 4 |  4.0
Stealth        | |  2.1
Transmutations | |  0.7

Action                   |  1- 3 |  4- 6 |  7- 9 | 10-12 || total
-------------------------+-------+-------+-------+-------++-------
Melee: Dagger            |   210 |    26 |       |       ||   236
       Short sword       |       |   158 |       |       ||   158
       Flail             |       |       |   285 |   160 ||   445
       Great mace        |       |       |       |    91 ||    91
 Cast: Sandblast         |     7 |    51 |    33 |    97 ||   188
       Stone Arrow       |       |    26 |    55 |   127 ||   208
       Conjure Flame     |       |     3 |       |       ||     3
       Lee's Rapid Decon |       |       |     4 |    33 ||    37
  Use: Potion            |       |     3 |       |     4 ||     7
       Scroll            |       |     1 |     1 |     3 ||     5
 Stab: Sleeping          |     6 |     8 |     9 |     3 ||    26
       Confused          |       |       |       |     2 ||     2
       Petrified         |       |       |       |     3 ||     3
  Eat: Chunk             |     4 |     6 |    20 |    26 ||    56
       Ration            |       |     3 |     1 |     3 ||     7
Armor: Robe              |    67 |    56 |   155 |   208 ||   486
Dodge: Dodged            |   152 |    88 |   272 |   376 ||   888

Table legend:
 A = Non-vault XP
 B = Vault XP
 C = Vault XP percentage of total XP
 D = Non-vault monster count
 E = Vault monster count
 F = Vault count percentage of total count
                 A         B        C        D         E       F
            +---------+---------+-------+---------+---------+-------
      Total |   14783 |   10400 |  41.3 |     248 |      98 |  28.3
            +---------+---------+-------+---------+---------+-------
        D:1 |      50 |       4 |   7.4 |      25 |       2 |   7.4
        D:2 |      32 |       0 |   0.0 |      11 |       0 |   0.0
        D:3 |     126 |     171 |  57.6 |      19 |       2 |   9.5
        D:4 |     335 |       0 |   0.0 |      20 |       0 |   0.0
        D:5 |     348 |       0 |   0.0 |      14 |       0 |   0.0
        D:6 |     443 |     292 |  39.7 |      13 |       2 |  13.3
        D:7 |     500 |       0 |   0.0 |      12 |       0 |   0.0
        D:8 |    2267 |     638 |  22.0 |      45 |       4 |   8.2
        D:9 |    3015 |    3971 |  56.8 |      30 |      25 |  45.5
       D:10 |    2200 |    2412 |  52.3 |      29 |      15 |  34.1
       D:11 |    3575 |    2037 |  36.3 |      18 |       3 |  14.3
       D:12 |    1892 |     639 |  25.2 |      12 |      14 |  53.8
    Ossuary |       0 |     236 | 100.0 |       0 |      31 | 100.0
            +---------+---------+-------+---------+---------+-------
